 Dungeon Crawl Stone Soup version 0.19.1-1-g22dce08 (webtiles) character file.

3577 Goblin1989 the Spear-Bearer (level 9, 0/71 HPs)
             Began as a Demonspawn Skald on Jan 2, 2017.
             Killed from afar by Sagrath01's ghost (4 damage)
             ... with a bolt of negative energy
             ... on level 7 of the Dungeon.
             The game lasted 00:37:36 (13007 turns).

Goblin1989 the Spear-Bearer (Demonspawn Skald)     Turns: 13007, Time: 00:37:37

Health: 0/71       AC: 20    Str: 13    XL:     9   Next: 84%
Magic:  12/12      EV:  3    Int: 22    God:
Gold:   112        SH:  8    Dex: 12    Spells: 5 memorised, 1 level left

rFire  + + .     SeeInvis .     M - +2 trident (curse)
rCold  + + .     Gourm    .     i - +0 chain mail
rNeg   + . .     Faith    .     m - +0 shield
rPois  +         Spirit   .     s - +0 helmet
rElec  +         Reflect  .     (no cloak)
rCorr  +         Harm     .     r - +0 pair of gloves
MR     .....                    (no boots)
Stlth  ..........               D - amulet of magic regeneration
                                G - ring "Xofryng" {rF+ rN+ Str+2 Int+3}
                                w - +4 ring of protection

@: resistant, sanguine armour, heavily drained
A: clever 1, cold resistance 1, deformed body, mutation resistance 1, sense
surroundings 1, powered by pain 2, weak 1, MP-powered wands, sanguine armour 2
a: no special abilities


You were on level 7 of the Dungeon.
You were not hungry.

You visited 2 branches of the dungeon, and saw 8 of its levels.

You collected 430 gold pieces.
You spent 318 gold pieces at shops.

Inventory:

Hand Weapons
 a - a +0 trident
 M - a cursed +2 trident (weapon)
Armour
 i - a +0 chain mail (worn)
 m - a +0 shield (worn)
 r - a +0 pair of gloves (worn)
 s - a +0 helmet (worn)
Jewellery
 w - a +4 ring of protection (left hand)
 D - an amulet of magic regeneration (around neck)
 G - the ring "Xofryng" (right hand) {rF+ rN+ Str+2 Int+3}
   (You bought it in a shop on level 6 of the Dungeon)

   [ring of positive energy]

   It affects your strength (+2).
   It affects your intelligence (+3).
   It protects you from fire.
   It protects you from negative energy.
 K - an uncursed ring of fire {unknown}
 L - a cursed ring of loudness {unknown}
Wands
 h - a wand of teleportation (5/9) {!v, @v4}
 v - a wand of flame (4/48)
 E - a wand of enslavement (13/24)
Scrolls
 b - 5 scrolls of teleportation {unknown}
 e - 11 scrolls of identify {unknown}
 g - 4 scrolls of remove curse {unknown}
 j - 2 scrolls of enchant weapon {unknown}
 l - a scroll of recharging {unknown}
 q - 2 scrolls of immolation {unknown}
 u - 6 scrolls of magic mapping {unknown}
 y - a scroll of fear {unknown}
 A - a scroll of fog {unknown}
 C - 2 scrolls of amnesia {unknown}
 J - a scroll of noise {unknown}
Potions
 k - a potion of degeneration {unknown}
 o - a potion of curing {unknown}
 p - a potion of berserk rage {unknown}
 t - a potion of flight
 x - 2 potions of haste {!q, @q3}
 z - a potion of ambrosia
 N - a potion of agility
Books
 c - a book of Battle

   Spells                             Type                      Level
   a - Infusion                       Charms                       1
   b - Shroud of Golubria             Charms/Translocation         2
   c - Song of Slaying                Charms                       2
   d - Spectral Weapon                Hexes/Charms                 3
   e - Regeneration                   Charms/Necromancy            3
Comestibles
 d - 7 bread rations {@e1}
 f - a meat ration {@e2}
 n - 3 fruits
 B - 2 slices of pizza
 F - a beef jerky
 O - 4 chunks of flesh {@w0}


   Skills:
 + Level 6.6(4.0) Fighting
 * Level 8.7(5.9) Polearms
 + Level 5.5(3.0) Armour
 - Level 0.8(0.0) Dodging
 + Level 5.4(2.9) Shields
 - Level 2.0(0.0) Spellcasting
 - Level 2.6(0.3) Charms


You had one spell level left.
You knew the following spells:

 Your Spells              Type           Power        Failure   Level  Hunger
a - Infusion              Chrm           #...         100%        1    ##.....
h - Shroud of Golubria    Chrm/Tloc      #.........   100%        2    ###....
y - Song of Slaying       Chrm           #.......     100%        2    ###....
R - Regeneration          Chrm/Necr      #.........   100%        3    ####...
W - Spectral Weapon       Hex/Chrm       #.......     100%        3    ####...


Dungeon Overview and Level Annotations

Branches:
Dungeon (7/15)             Temple (1/1) D:6

Altars:
Ashenzari
Cheibriados
Dithmenos
Elyvilon
Fedhas
Gozag
Hepliaklqana
Kikubaaqudgha
Makhleb
Nemelex Xobeh
Okawaru
Qazlal
Ru
Sif Muna
Trog
Uskayaw
Vehumet
Xom
Yredelemnul
Zin
The Shining One

Shops:
D:6 *

Annotations:
D:2 1 runed door
D:7 Sagrath01's ghost, novice DrTm


Innate Abilities, Weirdness & Mutations

Your flesh is cold resistant. (rC+)
You sometimes gain power by taking damage.
When seriously injured, your bleeding wounds create thick armour. (AC +9)
Your mind is acute. (Int +2)
Armour fits poorly on your strangely shaped body.
You are somewhat resistant to further mutation.
You passively map a small area around you.
You are weak. (Str -2)
You expend magic power (3 MP) to strengthen your wands.


Message History

Sagrath01's ghost hits you but does no damage.
You closely miss Sagrath01's ghost.
Sagrath01's ghost is lightly damaged.
Sagrath01's ghost hits you.
* * * LOW HITPOINT WARNING * * *
You take 4 damage, and have 3/71 hp.
You completely miss Sagrath01's ghost.
Sagrath01's ghost is lightly damaged.
Sagrath01's ghost hits you but does no damage.
You closely miss Sagrath01's ghost.
Sagrath01's ghost is lightly damaged.
Sagrath01's ghost hits you but does no damage.
You miss Sagrath01's ghost.
Sagrath01's ghost is lightly damaged.
You block Sagrath01's ghost's attack.
You hit Sagrath01's ghost.
Sagrath01's ghost is lightly damaged.
Sagrath01's ghost breathes negative energy at you.
The bolt of negative energy hits you! You partially resist.
You feel drained.
You die... █.........).....█ █.)█ ███.....██∆███∆██ █..██ ███..........██████ █.>.. ██.████b█████...█ █████

█..........∆...▲ ..█
██████████..███.█████...███
██.█ ............█
█.█...∆..... ·.█.█
............█ █W█.███...█
██.█.█ ............█
█b@.......█ █..█.█
............█
███b███..b████.██.█
.██████████.█ █.█
█...██....... ..........█.█
█.█ █..)██.█....█
.████████.█.█ █.█
█....(((....█ .█
█.█.█████.████████...█..█
.█
█.█................█.(..█
.█████
█.███████.████████.█.█.██
.....█ █.███████.█ █.█)█.██


You could see Sagrath01's ghost.

Vanquished Creatures
  Grinder (D:4)
  Prince Ribbit (D:6)
  Sigmund (D:6)
  Duvessa (D:6)
  An orc warrior (D:7)
  A sky beast (D:7)
  2 ice beasts
  5 phantoms
  The ghost of Adolfin the Skirmisher, an amateur DsMo (D:4)
  A necrophage (D:7)
  2 ogres
  2 centaurs (D:7)
  A bullfrog (D:7)
  Dowan (D:6)
  3 scorpions
  3 wights (D:7)
  3 crimson imps
  A quasit (D:6)
  A centaur zombie (D:6)
  4 hounds
  A centaur skeleton (D:4)
  2 orc priests
  7 orc wizards
  An iguana (D:6)
  Terence (D:2)
  10 worker ants
  2 hound skeletons
  Robin (D:3)
  12 adders
  A howler monkey skeleton (D:5)
  2 oozes
  An adder skeleton (D:5)
  6 worms
  5 dart slugs
  5 leopard geckos
  31 orcs
  2 giant cockroaches
  15 goblins
  13 hobgoblins
  10 jackals
  3 quokkas
  A ball python (D:1)
  17 bats
  7 frilled lizards
  14 kobolds
  7 rats
213 creatures vanquished.

Notes
Turn   | Place    | Note
-------+----------+-------------------------------------------
     0 | D:1      | Goblin1989 the Demonspawn Skald began the quest for the Orb.
     0 | D:1      | Reached XP level 1. HP: 16/16 MP: 3/3
    29 | D:1      | Reached skill level 2 in Polearms
    64 | D:1      | Gained mutation: Your flesh is cold resistant. (rC+) [demonic ancestry]
    64 | D:1      | Reached XP level 2. HP: 20/22 MP: 5/5
   405 | D:1      | Reached skill level 3 in Polearms
   568 | D:1      | Reached XP level 3. HP: 27/27 MP: 6/6
  1919 | D:2      | Found an opulent altar of Gozag.
  2212 | D:2      | Reached skill level 1 in Armour
  2212 | D:2      | Gained mutation: When seriously injured, your bleeding wounds create armour. (AC +9) [demonic ancestry]
  2212 | D:2      | Reached XP level 4. HP: 33/33 MP: 7/7
  2638 | D:2      | Found a shattered altar of Ashenzari.
  2638 | D:2      | Found a faded altar of an unknown god.
  2643 | D:2      | Found a faded altar of an unknown god.
  2645 | D:2      | Found a faded altar of an unknown god.
  2646 | D:2      | Found a faded altar of an unknown god.
  2690 | D:2      | Noticed Terence
  2791 | D:2      | Killed Terence
  2791 | D:2      | Reached skill level 4 in Polearms
  2791 | D:2      | Reached skill level 1 in Shields
  2955 | D:2      | Found a runed door.
  3241 | D:3      | Found a bloodstained altar of Trog.
  3452 | D:3      | Reached XP level 5. HP: 32/39 MP: 8/8
  4352 | D:3      | Reached XP level 6. HP: 7/46 MP: 9/9
  4750 | D:3      | Noticed Robin
  4787 | D:3      | Killed Robin
  5296 | D:3      | Learned a level 3 spell: Regeneration
  5300 | D:3      | Learned a level 3 spell: Spectral Weapon
  5303 | D:3      | Learned a level 2 spell: Song of Slaying
  6555 | D:4      | Reached skill level 5 in Polearms
  6642 | D:4      | Gained mutation: When seriously injured, your bleeding wounds create thick armour. (AC +9) [demonic ancestry]
  6642 | D:4      | Reached XP level 7. HP: 40/52 MP: 10/10
  7213 | D:4      | Noticed Adolfin's ghost (amateur DsMo)
  7216 | D:5      | Entered Level 5 of the Dungeon
  8109 | D:5      | Reached skill level 6 in Polearms
  8273 | D:5      | Gained mutation: You sometimes gain a little power by taking damage. [demonic ancestry]
  8273 | D:5      | Reached XP level 8. HP: 60/60 MP: 11/11
  8953 | D:4      | Killed Adolfin's ghost
  9045 | D:4      | Noticed Grinder
  9086 | D:4      | Killed Grinder
  9481 | D:4      | Reached skill level 5 in Fighting
 10075 | D:6      | Reached skill level 7 in Polearms
 10136 | D:6      | Found a staircase to the Ecumenical Temple.
 10169 | Temple   | Entered the Ecumenical Temple
 10399 | D:6      | Noticed Duvessa
 10416 | D:6      | Noticed Dowan
 10435 | D:6      | Killed Dowan
 10508 | D:6      | Killed Duvessa
 10527 | D:6      | Gained mutation: You sometimes gain power by taking damage. [demonic ancestry]
 10527 | D:6      | Reached XP level 9. HP: 32/68 MP: 12/12
 10869 | D:6      | Found Lusotz's Assorted Antiques.
 10900 | D:6      | Bought a scorched turquoise ring for 135 gold pieces
 10900 | D:6      | Bought a scroll labeled LOKHUNICA for 27 gold pieces
 10900 | D:6      | Bought a scroll labeled ATESKORHIU for 27 gold pieces
 10900 | D:6      | Bought a sapphire potion for 24 gold pieces
 10900 | D:6      | Bought a scroll labeled LOKHUNICA for 27 gold pieces
 10900 | D:6      | Bought a scroll labeled LIVEPO HELUY for 27 gold pieces
 10900 | D:6      | Bought a brown potion for 24 gold pieces
 10900 | D:6      | Bought a scroll labeled ATESKORHIU for 27 gold pieces
 10903 | D:6      | Learned a level 2 spell: Shroud of Golubria
 10903 | D:6      | Identified the ring "Xofryng" {rF+ rN+ Str+2 Int+3} (You bought it in a shop on level 6 of the Dungeon)
 10967 | D:6      | Noticed Prince Ribbit
 11050 | D:6      | Noticed Sigmund
 11094 | D:6      | Killed Sigmund
 11235 | D:6      | Killed Prince Ribbit
 11269 | D:6      | Reached skill level 5 in Armour
 11551 | D:7      | Reached skill level 8 in Polearms
 11913 | D:7      | Reached skill level 5 in Shields
 12660 | D:7      | Noticed Sagrath01's ghost (novice DrTm)
 12871 | D:7      | Gained mutation: Your mind is acute. (Int +2) [mutagenic meat]
 12872 | D:7      | Gained mutation: You are somewhat resistant to further mutation. [mutagenic meat]
 12873 | D:7      | Gained mutation: Armour fits poorly on your strangely shaped body. [mutagenic meat]
 12874 | D:7      | Gained mutation: You are weak. (Str -2) [mutagenic meat]
 12986 | D:7      | Gained mutation: You passively map a small area around you. [potion of mutation]
 12986 | D:7      | Gained mutation: You expend magic power (3 MP) to strengthen your wands. [potion of mutation]
 13003 | D:7      | HP: 3/71 [Sagrath01's ghost (4)]
 13007 | D:7      | Killed from afar by Sagrath01's ghost

Skill      XL: |  1  2  3  4  5  6  7  8  9 |
---------------+----------------------------+-----
Polearms       | 2 3 4 5 6 7 8 |  8.7
Armour         | 1 2 3 4 5 |  5.5
Shields        | 1 2 3 4 5 |  5.4
Fighting       | 3 4 5 6 |  6.6
Dodging        | |  0.8
Spellcasting   | |  2.0
Charms         | |  2.6

Action                   |  1- 3 |  4- 6 |  7- 9 || total
-------------------------+-------+-------+-------++-------
Melee: Spear             |   176 |   347 |       ||   523
       Trident           |       |   318 |   929 ||  1247
Evoke: Wand              |       |     4 |       ||     4
  Use: Potion            |       |     4 |     8 ||    12
 Stab: Sleeping          |     1 |       |       ||     1
  Eat: Chunk             |     4 |    16 |    24 ||    44
       Royal jelly       |       |       |     1 ||     1
       Fruit             |       |       |     1 ||     1
Armor: Leather armour    |     5 |       |       ||     5
       Ring mail         |    38 |    26 |       ||    64
       Chain mail        |       |   386 |   426 ||   812
Dodge: Dodged            |    73 |   102 |   103 ||   278
Block: Shield            |     4 |   233 |   302 ||   539

Vault maps used:
D:1:      shiori_arrival_maze, kennysheep_another_room, hex_large, minivault_5
D:2:      chequers_temple_overflow_minitemple, old_standard_altar,
          uniq_crazy_yiuf_cottage, uniq_terence
D:3:      bloody_trog, uniq_robin
D:4:      first_bread, uniq_grinder
D:5:      fountainhead
D:6:      serial_shops, shop, corexii_leaking_fountain,
          hangedman_decor_slide_cut, uniq_sigmund, uniq_duvessa,
          uniq_prince_ribbit1
Temple:   eino_narrow_crystal_temple
